cohdb
Replays
Latest Replays
All Replays
Popular Replays
Top Player Replays
Match Explorer
How It Works
Community
CoH3 Stats
Reddit
Sign in to upload your games and track your stats! →
Sign in with Steam
Match 41179485
Unlisted
Match 41179485
Overview
Messages
Build Orders
End
Construct Barracks
Riflemen Squad
Riflemen Squad
Riflemen Squad
Construct Weapon Support Center
Construct Medical Station
Grenade Package
Bazooka Squad
Air Support Center
M1918 Browning Automatic Rifles
Bazooka Squad
P-47 Strafing Run
Riflemen Squad
P-47 Dive Bomb
Improved M9 Bazooka Rockets
P-47 Strafing Run
Construct Tank Depot
P-47 Dive Bomb
Selects Heavy Weapons
Selects M2HB .50cal Heavy Machine Gun
Selects Rapid Reposition
Selects Assault Carriers
P-47 Dive Bomb
M1919 Machine Gun Team
M18 Hellcat Tank Destroyer
P-47 Dive Bomb
Metalharl
RommelF
^3
DIV 250 BigBoss
Varathor
nonaino
Гурам Депардье
SvartalRuneMaster
0
0
Comments
sign in to comment!
No comments posted yet!